 Dungeon Crawl Stone Soup version 0.23-a0-550-g7de1f8e (console) character file.

2582 Duffy the Cleaver (level 9, -3/75 HPs)
             Began as a Naga Fighter on Dec 8, 2018.
             Slain by an orc warrior
             ... wielding a +0 glaive
              (18 damage)
             ... on level 7 of the Dungeon.
             The game lasted 00:09:48 (6994 turns).

Duffy the Cleaver (Naga Fighter)                    Turns: 6994, Time: 00:09:49

Health: -3/75      AC:  7    Str: 22    XL:     9   Next: 58%
Magic:  9/9        EV: 14    Int:  8    God:
Gold:   126        SH: 11    Dex: 11    Spells: 8/8 levels left

rFire    + + .     SeeInvis +   a - +0 war axe
rCold    . . .     Gourm    .   c - +0 shield
rNeg     . . .     Faith    .   B - +1 ring mail "Gucyze" {rPois rF++}
rPois    +         Spirit   .   (no helmet)
rElec    .         Reflect  .   (no cloak)
rCorr    +         Harm     +   (no gloves)
MR       +....                  (no barding)
Stlth    +.........             m - amulet of harm
HPRegen  0.22/turn              e - +6 ring of evasion
MPRegen  0.11/turn              D - ring of resist corrosion

@: very slow
A: large, see invisible, deformed body, poison resistance, slowness 2, slow
metabolism 1, spit poison 1, AC +3
a: Spit Poison


You were on level 7 of the Dungeon.
You were not hungry.

You visited 1 branch of the dungeon, and saw 7 of its levels.
You also visited: Sewer.

You collected 386 gold pieces.
You spent 260 gold pieces at shops.

Inventory:

Hand Weapons
 a - a +0 war axe (weapon)
 p - a +0 morningstar
 u - a +0 blowgun
 z - a +2 flail of protection
Missiles
 j - 8 javelins of penetration (quivered)
 s - a throwing net
Armour
 c - a +0 shield (worn)
 A - a +0 plate armour
 B - the +1 ring mail "Gucyze" (worn) {rPois rF++}
   (You bought it in a shop on level 6 of the Dungeon)

   It greatly protects you from fire.
   It protects you from poison.
Jewellery
 e - a +6 ring of evasion (left hand)
 m - an amulet of harm (around neck)
 D - a ring of resist corrosion (right hand)
Wands
 h - a wand of polymorph (12)
 F - a wand of flame (12)
Scrolls
 g - 2 scrolls of remove curse
 l - 3 scrolls of teleportation
 o - a scroll of enchant weapon {unknown}
 x - a scroll of fog {unknown}
 y - a scroll of blinking {unknown}
 C - a scroll of magic mapping {unknown}
 E - a scroll of immolation {unknown}
Potions
 d - 2 potions of might
 i - a potion of cancellation {unknown}
 k - 9 potions of curing
 n - 2 potions of lignification {unknown}
 q - 3 potions of flight
 r - a potion of heal wounds
 t - a potion of agility {unknown}
 v - 6 potions of brilliance
 w - a potion of ambrosia
Comestibles
 f - 13 rations


   Skills:
 - Level 3.0 Fighting
 + Level 9.2 Axes
 - Level 2.4 Armour
 + Level 8.0 Shields


You had 8 spell levels left.
You didn't know any spells.
Your spell library contained the following spells:

 Spells                   Type           Power        Failure   Level  Hunger
 Summon Small Mammal      Summ           #...         65%         1    ##.....
 Call Imp                 Summ           #.......     78%         2    ###....
 Call Canine Familiar     Summ           #.......     95%         3    ####...
 Summon Guardian Golem    Hex/Summ       #.......     95%         3    ####...
 Summon Ice Beast         Ice/Summ       #.......     100%        4    #####..
 Summon Lightning Spire   Summ/Air       #.......     100%        4    #####..


Dungeon Overview and Level Annotations

Branches:
Dungeon (7/15)
 Temple: D:4-7

Altars:
Dithmenos
Fedhas
Okawaru
Qazlal
Xom

Shops:
D:4 %   D:6 [%*[

Annotations:
D:6 2 transporters, soark's ghost, novice DECj


Innate Abilities, Weirdness & Mutations

You cannot wear boots.
Your serpentine skin is tough. (AC +3)
You have supernaturally acute eyesight. (SInv)
Armour fits poorly on your strangely shaped body.
Your system is resistant to poisons. (rPois)
You cover ground very slowly.
You have a slow metabolism.
You can spit poison.


Message History

You block the orc warrior's attack.
All of the chunks of flesh in your inventory have rotted away.
You barely miss the orc warrior.
The orc warrior is heavily wounded.
The orc warrior misses you.
You slash the orc warrior!
The orc warrior is severely wounded.
You block the orc warrior's attack.
You hit the orc warrior.
The orc warrior is almost dead.
You closely miss the orc warrior.
The orc warrior is almost dead.
The orc warrior hits you with a +0 glaive!!
You hit the orc warrior but do no damage.
The orc warrior is almost dead.
You block the orc warrior's attack.
You hit the orc warrior but do no damage.
The orc warrior is almost dead.
The orc warrior hits you with a +0 glaive!
You die...

#.. #.### ###. ...#
###...##.... ......
#..%.)...... ....#.
#..)<(......
......##[.)))......
...........(.......
...........(..?.....
..........(.@.#.....
...........)o)...###
......#.(##...#.##
......#($(...##.###
[.....##(.(~~~~~~~~
.......((.(~~~~~~~~
.%.......(#~~~~~~~~
#..........~~~~~~~~
#...l.....#~c~~~~~~


You could see an orc warrior.

Vanquished Creatures
  Edmund (D:5)
  Duvessa (D:3)
  An orc warrior (D:6)
  A sky beast (D:5)
  An ice beast (D:6)
  A necrophage (D:6)
  A phantom (D:3)
  3 ogres
  A centaur (D:7)
  3 big kobolds (Sewer)
  3 bullfrogs
  Dowan (D:3)
  2 howler monkeys (D:6)
  4 crimson imps
  2 hounds
  3 orc priests
  A jelly (D:6)
  6 orc wizards
  Jessica (D:2)
  2 bullfrog skeletons
  An iguana (D:6)
  5 worker ants
  A hound zombie (D:6)
  A hound skeleton (D:7)
  6 adders
  8 gnolls
  A river rat (D:3)
  A shadow imp (D:5)
  4 oozes
  4 worms
  2 dart slugs
  2 leopard geckos
  23 orcs
  2 ball pythons
  8 bats
  3 giant cockroaches
  9 goblins
  4 hobgoblins
  4 jackals
  6 quokkas
  4 frilled lizards
  A jackal skeleton (D:4)
  A jackal zombie (D:5)
  19 kobolds
  A leopard gecko skeleton (D:6)
  A quokka skeleton (D:6)
  7 rats
168 creatures vanquished.

Notes
Turn   | Place    | Note
-------+----------+-------------------------------------------
     0 | D:1      | Duffy the Naga Fighter began the quest for the Orb.
     0 | D:1      | Reached XP level 1. HP: 21/21 MP: 1/1
   166 | D:1      | Reached XP level 2. HP: 28/28 MP: 2/2
   763 | D:2      | Noticed Jessica
   768 | D:2      | Killed Jessica
   768 | D:2      | Reached skill level 3 in Axes
   768 | D:2      | Reached XP level 3. HP: 29/34 MP: 3/3
  1090 | D:2      | Reached XP level 4. HP: 41/42 MP: 4/4
  1268 | D:2      | Found a faded altar of an unknown god.
  2145 | D:3      | Found a glowing drain.
  2283 | Sewer    | Entered a sewer
  2313 | Sewer    | Reached XP level 5. HP: 49/49 MP: 5/5
  2381 | Sewer    | Noticed a big kobold
  2390 | Sewer    | Killed a big kobold
  2390 | Sewer    | Reached skill level 4 in Axes
  2517 | Sewer    | Noticed a big kobold
  2530 | Sewer    | Killed a big kobold
  2530 | Sewer    | Reached XP level 6. HP: 45/56 MP: 6/6
  2650 | Sewer    | Reached skill level 5 in Axes
  2936 | D:3      | Found an iron altar of Okawaru.
  3402 | D:4      | Noticed a phantom
  3492 | D:3      | Killed a phantom
  3492 | D:3      | Reached skill level 5 in Shields
  3492 | D:3      | Reached XP level 7. HP: 41/62 MP: 7/7
  3611 | D:4      | Noticed Duvessa
  3625 | D:4      | Noticed Dowan
  3632 | D:3      | Killed Duvessa
  3643 | D:3      | Killed Dowan
  3804 | D:4      | Reached skill level 6 in Axes
  4043 | D:4      | Reached XP level 8. HP: 30/69 MP: 8/8
  4275 | D:4      | Found Biczuymo's Food Shoppe.
  4327 | D:4      | Found a shimmering altar of Xom.
  4409 | D:5      | Entered Level 5 of the Dungeon
  4486 | D:5      | Noticed Edmund
  4513 | D:5      | Killed Edmund
  4513 | D:5      | Reached skill level 7 in Axes
  4610 | D:5      | Found a blossoming altar of Fedhas.
  5642 | D:6      | Reached skill level 8 in Axes
  5645 | D:6      | Found a shadowy altar of Dithmenos.
  5645 | D:6      | Found a stormy altar of Qazlal.
  5692 | D:6      | Found a shadowy altar of Dithmenos.
  5730 | D:6      | Reached XP level 9. HP: 56/75 MP: 9/9
  5831 | D:6      | Found Dobuyqoj's Assorted Antiques.
  5839 | D:6      | Bought a scroll labeled ZESURO KUEQAWN for 26 gold pieces
  5923 | D:6      | Found Xavvet's Food Boutique.
  6017 | D:6      | Found Opuirr's Gadget Shop.
  6187 | D:6      | Noticed a queen bee
  6190 | D:6      | Noticed soark's ghost (novice DECj)
  6219 | D:6      | Found a transporter.
  6223 | D:6      | Found a transporter.
  6267 | D:6      | Found Vuriorr's Armour Shop.
  6440 | D:6      | Found Losiud's Antique Armour Emporium.
  6681 | D:6      | Bought a transparent ring mail for 234 gold pieces
  6691 | D:6      | Identified the +1 ring mail "Gucyze" {rPois rF++} (You
                  | bought it in a shop on level 6 of the Dungeon)
  6841 | D:7      | Reached skill level 9 in Axes
  6994 | D:7      | Slain by an orc warrior

Vault maps used:
D:1:      scummos_arrival_checkerplants
D:2:      chequers_ecumenical_altar_simple, kennysheep_boxes, uniq_jessica
D:3:      cheibrodos_helix_gallery, okawaru_altar_gauntlet_db,
          gup_sewer_entry_bowl, first_ration
D:4:      kennysheep_little_box, serial_shops, shop, uniq_duvessa
D:5:      fedhas_altar_3, uniq_edmund
D:6:      gammafunk_temple_overflow_wave, serial_shops, kennysheep_mini,
          kennysheep_mini_moat, nicolae_shop_trees,
          nicolae_shop_window_shopping, shop, gammafunk_ghost_hive,
          nicolae_dithmenos_shadow_blocks
D:7:      nicolae_whirlpool, temple_fountains, grunt_decor_fettered
Sewer:    kennysheep_pipe_town

Skill      XL: |  1  2  3  4  5  6  7  8  9 |
---------------+----------------------------+-----
Axes           | 3 4 5 6 8 9 |  9.2
Shields        | 3 4 5 7 8 |  8.0
Fighting       | |  3.0
Armour         | |  2.4

Action                   |  1- 3 |  4- 6 |  7- 9 || total
-------------------------+-------+-------+-------++-------
Melee: War axe           |    65 |   176 |   337 ||   578
 Abil: Spit Poison       |     1 |     7 |    17 ||    25
  Use: Scroll            |       |     3 |     4 ||     7
       Potion            |       |       |     2 ||     2
  Eat: Chunk             |       |     7 |    11 ||    18
Armor: Scale mail        |    18 |    62 |    46 ||   126
       Ring mail         |       |       |    21 ||    21
Dodge: Dodged            |    45 |   115 |   196 ||   356
Block: Shield            |    31 |   118 |   172 ||   321

Table legend:
 A = Non-vault XP
 B = Vault XP
 C = Vault XP percentage of total XP
 D = Non-vault monster count
 E = Vault monster count
 F = Vault count percentage of total count
                 A         B        C        D         E       F
            +---------+---------+-------+---------+---------+-------
      Total |    2742 |     947 |  25.7 |     128 |      40 |  23.8
            +---------+---------+-------+---------+---------+-------
        D:1 |      26 |       0 |   0.0 |      16 |       0 |   0.0
        D:2 |      53 |      37 |  41.1 |      15 |       1 |   6.2
        D:3 |     160 |     284 |  64.0 |      14 |      13 |  48.1
        D:4 |     470 |       0 |   0.0 |      19 |       0 |   0.0
        D:5 |     649 |     164 |  20.2 |      26 |       1 |   3.7
        D:6 |    1113 |       0 |   0.0 |      24 |       0 |   0.0
        D:7 |     271 |     110 |  28.9 |      14 |       1 |   6.7
      Sewer |       0 |     352 | 100.0 |       0 |      24 | 100.0
            +---------+---------+-------+---------+---------+-------
